 Dungeon Crawl Stone Soup version 0.28-a0-1114-g8eb0198dcf (webtiles) character file.

Game seed: 17406243550897762715

9001 Gargoyl the Fighter (level 11, -1/89 HPs)
             Began as a Gnoll Abyssal Knight on Dec 11, 2021.
             Was a Priest of Lugonu.
             Slain by a +0 trident of chaos (4 damage)
             ... on level 1 of the Lair of Beasts.
             The game lasted 00:16:11 (12930 turns).

Gargoyl the Fighter (Gnoll Abyssal Knight)         Turns: 12930, Time: 00:16:12

Health: -1/89      AC: 27    Str: 26    XL:     11   Next: 39%
Magic:  1/22       EV:  9    Int: 10    God:    Lugonu [***...]
Gold:   752        SH: 14    Dex: 13    Spells: 22/22 levels left

rFire   + . .      SeeInvis .   t - +6 trident (protect)
rCold   . . .      Faith    .   s - +0 kite shield
rNeg    . . .      Spirit   .   A - +2 chain mail {rF+}
rPois   .          Reflect  .   p - +1 hat
rElec   .          Harm     +   (no cloak)
rCorr   .          Rampage  ∞   o - +0 pair of gloves "Forget-Me-Not" {Harm Str+10 Stlth-}
Will    .....                   i - +3 pair of seven-league boots {Rampage+∞}
Stlth   ..........              j - amulet of the acrobat
HPRegen 0.24/turn               c - +4 ring of protection
MPRegen 0.18/turn               q - +4 ring of protection

@: mighty, lethally poisoned (-1 -> -6), unable to read
A: fangs 1, strong nose, distributed training, large bone plates 1, high mp 1,
inability to read while threatened
a: Renounce Religion, Depart the Abyss, Bend Space, Banish


You were on level 1 of the Lair of Beasts.
You worshipped Lugonu.
Lugonu was most pleased with you.
You visited 2 branches of the dungeon, and saw 10 of its levels.
You visited the Abyss 1 time.

You collected 1032 gold pieces.
You spent 280 gold pieces at shops.

Inventory:

Hand Weapons
 a - a +1 hand axe
 h - a +1 dagger of draining
 t - a +6 trident of protection (weapon)
Missiles
 g - 80 poisoned darts (quivered)
 y - a throwing net
Armour
 i - the +3 pair of seven-league boots (worn) {Rampage+∞}
   (You acquired it on level 6 of the Dungeon)

   Its wearer moves as far as possible in that direction when moving towards
   enemies.
 o - the +0 pair of gloves "Forget-Me-Not" (worn) {Harm Str+10 Stlth-}
   (You acquired it on level 6 of the Dungeon)

   Str:       It affects your strength (+10).
   Harm:      It increases damage dealt and taken.
   Stlth:     It makes you less stealthy.
 p - a +1 hat (worn)
 s - a +0 kite shield (worn)
 A - a +2 chain mail of fire resistance (worn)
Jewellery
 c - a +4 ring of protection (left hand)
 j - an amulet of the acrobat (around neck)
 q - a +4 ring of protection (right hand)
Wands
 l - a wand of flame (47)
 v - a wand of mindburst (10)
 w - a wand of paralysis (5)
Scrolls
 f - a scroll of fog
 m - 3 scrolls of identify
 r - 3 scrolls of teleportation
 x - a scroll of fear
 z - a scroll of holy word
Potions
 b - 2 potions of flight
 e - a potion of might
 k - a potion of resistance
 n - a potion of mutation


   Skills:
 + Level 9.1 Fighting
 + Level 6.2 Short Blades
 + Level 6.2 Long Blades
 + Level 7.8 Axes
 + Level 6.2 Maces & Flails
 + Level 6.2 Polearms
 + Level 6.2 Staves
 + Level 6.2 Slings
 + Level 6.2 Bows
 + Level 6.2 Crossbows
 + Level 6.2 Throwing
 + Level 7.8 Armour
 + Level 6.8 Dodging
 + Level 6.2 Stealth
 + Level 6.2 Shields
 + Level 6.2 Unarmed Combat
 + Level 6.2 Spellcasting
 + Level 5.1 Conjurations
 + Level 5.1 Hexes
 + Level 5.1 Summonings
 + Level 5.1 Necromancy
 + Level 5.1 Translocations
 + Level 5.1 Transmutations
 + Level 5.1 Fire Magic
 + Level 5.1 Ice Magic
 + Level 5.1 Air Magic
 + Level 5.1 Earth Magic
 + Level 5.1 Poison Magic
 + Level 8.3 Invocations
 + Level 6.2 Evocations


You had 22 spell levels left.
You didn't know any spells.
Your spell library contained the following spells:

 Spells                   Type           Power      Damage    Failure   Level
 Foxfire                  Conj/Fire      52%        2x1d6     36%         1
 Slow                     Hex            52%        N/A       36%         1
 Scorch                   Fire           26%        2d6       50%         2
 Confusing Touch          Hex            13%        N/A       75%         3
 Vampiric Draining        Necr           13%        2d6       75%         3
 Flame Wave               Conj/Fire      13%        2d5       98%         4
 Summon Cactus Giant      Summ           6%         N/A       100%        6


Dungeon Overview and Level Annotations

Branches:
Dungeon (9/15)             Temple (0/1) D:4            Lair (1/6) D:8
    Orc: D:9-12

Altars:
Cheibriados
Fedhas
Gozag
Makhleb
Okawaru
Ru
Sif Muna
Trog
Uskayaw
Xom
Yredelemnul

Shops:
D:5 !   D:7 [

Annotations:
Lair:1 corrupted
Abyss:1 fritzmikael's ghost, journeyman DjFE


Innate Abilities, Weirdness & Mutations

You have very sharp teeth.
Your uncanny sense of smell can sniff out nearby items.
Your experience applies equally to all skills.
You are partially covered in large bone plates. (SH +4)
You have an increased reservoir of magic. (+10% MP)
You sometimes lose the ability to read scrolls when taking damage.


Message History

Unknown command.
Press: ? - help, Shift-Dir - straight line, f/p - fritzmikael's ghost
Aim: fritzmikael's ghost, wielding a weapon of freezing (severely damaged, chance to affect: 33%) Fritzmikael's ghost easily resists.
The +0 trident of chaos hits you but does no damage.
The rat barely misses you.
The river rat bites you but does no damage.
The rat bites you but does no damage. You block the river rat's attack.
Fritzmikael's ghost casts a spell.
You block the +0 trident of chaos's attack.
Press: ? - help, Shift-Dir - straight line, f/p - fritzmikael's ghost
Aim: fritzmikael's ghost, wielding a weapon of freezing (severely damaged, chance to affect: 33%) Fritzmikael's ghost is devoured by a tear in reality.
Lugonu claims a new guest.
The rat disappears in a puff of smoke!
The river rat disappears in a puff of smoke!
The rat disappears in a puff of smoke!
The river rat disappears in a puff of smoke!
The +0 trident of chaos hits you but does no damage.
You are lethally poisoned!
Your life force feels restored.
Unknown command.
Unknown command.
Unknown command.
Unknown command.
Unknown command.
Unknown command.
You barely miss the +0 trident of chaos.
* * * LOW HITPOINT WARNING * * *
You feel very sick. The +0 trident of chaos misses you.
You block the +0 trident of chaos's attack.
Press: ? - help, Shift-Dir - straight line, f - +0 trident of chaos
Aim: a +0 trident of chaos (purple smoke, infinite will)
The +0 trident of chaos is unaffected.
* * * LOW HITPOINT WARNING * * *
You feel sick.
The +0 trident of chaos closely misses you.
The +0 trident of chaos hits you.
You die...

....8.........#..................
#........#...##..................
...###....####...................
...###......#..............).....
..#.##.#..8.+............##......
..#....#.#..#...........###......
.#.........##..§§.......##.......
..............§(§................
#...............@§...............
....#.........##(##...#..........
#..#..........#._(#..............
#.............##.###.....?.......
#..###.........#####.............
.....#.........##................
...............#......[..........
................................#
...............................##


You could see a +0 trident of chaos.

Vanquished Creatures
  A centaur warrior (D:9)
  The ghost of Decritt the Fighter, a novice MiMo of Zin (D:9)
  2 cane toads (Lair:1)
  2 kobold demonologists (D:9)
  An unseen horror (D:9)
  A rime drake (Lair:1)
  A shadow (D:9)
  A steam dragon (D:8)
  2 basilisks
  Duvessa (D:4)
  3 water moccasins
  An orc warrior (D:9)
  3 black bears
  An ice beast (D:5)
  3 ogres
  2 centaurs (D:9)
  2 kobold brigands (D:9)
  2 bullfrogs
  2 gnoll sergeants
  A scorpion (D:5)
  Dowan (D:4)
  13 wights
  7 killer bees
  A howler monkey (D:4)
  7 crimson imps (D:9)
  A bullfrog zombie (D:7)
  4 centaur zombies
  2 jellies
  7 hounds
  5 orc priests
  2 gnoll shamans
  5 iguanas
  5 orc wizards
  A killer bee zombie (D:7)
  A hound skeleton (D:4)
  2 howler monkey zombies
  22 gnolls
  4 adders
  3 shadow imps
  4 white imps
  3 worms
  3 dart slugs
  19 orcs
  4 ball pythons
  5 endoplasms
  2 giant cockroaches
  7 goblins
  5 hobgoblins
  2 jackals (D:1)
  10 kobolds
  4 quokkas
  4 bats
  2 frilled lizards (D:3)
  3 rats
  A rat (shapeshifter) (D:9)
204 creatures vanquished.

Vanquished Creatures (others)
  Gastronok (Lair:1)
  A rime drake (Lair:1)
  3 water moccasins (Lair:1)
  5 wolves (Lair:1)
  2 bullfrogs (Lair:1)
  An orc wizard (D:4)
  A plant (Lair:1)
  9 starspawn tentacles (Lair:1)
23 creatures vanquished.

Grand Total: 227 creatures vanquished

Notes
Turn   | Place    | Note
-------+----------+-------------------------------------------
     0 | Abyss:1  | Gargoyl the Gnoll Abyssal Knight began the quest for the
                  | Orb.
     0 | Abyss:1  | Reached XP level 1. HP: 23/23 MP: 3/3
    61 | Abyss:3  | Noticed a large abomination
    72 | Abyss:3  | Noticed a neqoxec
    79 | D:1      | Escaped the Abyss
   133 | D:1      | Reached * piety under Lugonu
   189 | D:1      | Reached XP level 2. HP: 26/29 MP: 5/5
   271 | D:1      | Found a faded altar of an unknown god.
   287 | D:1      | Got Plato's Guide on Conjuration
   649 | D:1      | Reached XP level 3. HP: 35/35 MP: 6/6
   860 | D:2      | Found a sacrificial altar of Ru.
  1028 | D:1      | Reached skill level 1 in Short Blades
  1028 | D:1      | Reached skill level 1 in Long Blades
  1028 | D:1      | Reached skill level 1 in Maces & Flails
  1028 | D:1      | Reached skill level 1 in Polearms
  1028 | D:1      | Reached skill level 1 in Staves
  1028 | D:1      | Reached skill level 1 in Slings
  1028 | D:1      | Reached skill level 1 in Bows
  1028 | D:1      | Reached skill level 1 in Crossbows
  1028 | D:1      | Reached skill level 1 in Throwing
  1028 | D:1      | Reached skill level 1 in Stealth
  1028 | D:1      | Reached skill level 1 in Shields
  1028 | D:1      | Reached skill level 1 in Unarmed Combat
  1028 | D:1      | Reached skill level 1 in Spellcasting
  1028 | D:1      | Reached skill level 1 in Evocations
  1179 | D:2      | Reached XP level 4. HP: 30/41 MP: 7/7
  1351 | D:2      | Reached ** piety under Lugonu
  1606 | D:3      | Found a shimmering blue altar of Sif Muna.
  1657 | D:3      | Reached skill level 1 in Conjurations
  1657 | D:3      | Reached skill level 1 in Hexes
  1657 | D:3      | Reached skill level 1 in Summonings
  1657 | D:3      | Reached skill level 1 in Necromancy
  1657 | D:3      | Reached skill level 1 in Translocations
  1657 | D:3      | Reached skill level 1 in Transmutations
  1657 | D:3      | Reached skill level 1 in Fire Magic
  1657 | D:3      | Reached skill level 1 in Ice Magic
  1657 | D:3      | Reached skill level 1 in Air Magic
  1657 | D:3      | Reached skill level 1 in Earth Magic
  1657 | D:3      | Reached skill level 1 in Poison Magic
  1761 | D:3      | Noticed a phantom
  2012 | D:3      | Found a sacrificial altar of Ru.
  2020 | D:3      | Found a bloodstained altar of Trog.
  2028 | D:3      | Found a blossoming altar of Fedhas.
  2035 | D:3      | Found a shimmering altar of Xom.
  2043 | D:3      | Found a basalt altar of Yredelemnul.
  2050 | D:3      | Found an iron altar of Okawaru.
  2055 | D:3      | Found a snail-covered altar of Cheibriados.
  2511 | D:4      | Reached XP level 5. HP: 45/47 MP: 8/8
  2558 | D:4      | Found a staircase to the Ecumenical Temple.
  2648 | D:4      | Noticed Dowan
  2649 | D:4      | Noticed Duvessa
  2686 | D:4      | Killed Duvessa
  2687 | D:4      | Reached skill level 5 in Invocations
  2687 | D:4      | Reached XP level 6. HP: 32/53 MP: 9/9
  2712 | D:4      | Killed Dowan
  2713 | D:4      | Reached skill level 5 in Axes
  2713 | D:4      | Reached skill level 5 in Armour
  3493 | D:3      | Reached XP level 7. HP: 49/59 MP: 10/10
  3567 | D:3      | Reached skill level 7 in Fighting
  3892 | D:4      | Found a burning altar of Makhleb.
  3892 | D:4      | Found a hide-covered altar of Uskayaw.
  4515 | D:5      | Entered Level 5 of the Dungeon
  4515 | D:5      | Found Xasuakesm's Distillery.
  4519 | D:5      | Bought a potion of heal wounds for 50 gold pieces
  4519 | D:5      | Bought a potion of curing for 30 gold pieces
  4519 | D:5      | Bought a potion of curing for 30 gold pieces
  4519 | D:5      | Bought a potion of curing for 30 gold pieces
  4519 | D:5      | Bought a potion of curing for 30 gold pieces
  4519 | D:5      | Bought a potion of mutation for 80 gold pieces
  4519 | D:5      | Gained mutation: You have an increased reservoir of magic.
                  | (+10% MP) [potion of mutation]
  4519 | D:5      | Gained mutation: Your body sometimes deteriorates upon
                  | taking damage. [potion of mutation]
  4519 | D:5      | Gained mutation: Your flesh is heat resistant. (rF+)
                  | [potion of mutation]
  4519 | D:5      | Gained mutation: You are partially covered in large bone
                  | plates. (SH +4) [potion of mutation]
  4526 | D:5      | Bought a potion of lignification for 30 gold pieces
  4705 | D:5      | Reached XP level 8. HP: 61/67 MP: 13/13
  5070 | D:5      | Reached *** piety under Lugonu
  6535 | D:6      | Reached XP level 9. HP: 56/72 MP: 16/16
  6971 | D:6      | Identified 3 scrolls of acquirement
  6971 | D:6      | Acquired the +0 pair of gloves "Forget-Me-Not" {Harm Str+10
                  | Stlth-}
  6987 | D:6      | Acquired the +3 pair of seven-league boots {Rampage+∞}
  6987 | D:6      | Found the +3 pair of seven-league boots {Rampage+∞}
  6995 | D:6      | Acquired an amulet of the acrobat
  7390 | D:7      | Found an opulent altar of Gozag.
  7413 | D:7      | Reached skill level 5 in Dodging
  7962 | D:7      | Reached **** piety under Lugonu
  8269 | D:7      | Reached skill level 8 in Fighting
  8481 | D:7      | Found Enki's Dragon-Slaying Spoils.
  8658 | D:8      | Lost mutation: Your flesh is heat resistant. (rF+) [potion
                  | of mutation]
  8658 | D:8      | Lost mutation: Your body sometimes deteriorates upon taking
                  | damage. [potion of mutation]
  8658 | D:8      | Gained mutation: You sometimes lose the ability to read
                  | scrolls when taking damage. [potion of mutation]
  8784 | D:8      | Found a staircase to the Lair.
  9395 | D:9      | Noticed a kobold demonologist
  9399 | D:9      | Noticed a rust devil
  9400 | D:9      | Killed a kobold demonologist
  9401 | D:9      | Reached XP level 10. HP: 72/80 MP: 17/19
  9441 | D:9      | Noticed a kobold demonologist
  9454 | D:9      | Killed a kobold demonologist
  9455 | D:9      | Reached skill level 5 in Short Blades
  9455 | D:9      | Reached skill level 5 in Long Blades
  9455 | D:9      | Reached skill level 5 in Maces & Flails
  9455 | D:9      | Reached skill level 5 in Polearms
  9455 | D:9      | Reached skill level 5 in Staves
  9455 | D:9      | Reached skill level 5 in Slings
  9455 | D:9      | Reached skill level 5 in Bows
  9455 | D:9      | Reached skill level 5 in Crossbows
  9455 | D:9      | Reached skill level 5 in Throwing
  9455 | D:9      | Reached skill level 5 in Stealth
  9455 | D:9      | Reached skill level 5 in Shields
  9455 | D:9      | Reached skill level 5 in Unarmed Combat
  9455 | D:9      | Reached skill level 5 in Spellcasting
  9455 | D:9      | Reached skill level 5 in Evocations
 10276 | D:9      | Found a runed translucent gate.
 10276 | D:9      | Found a runed translucent gate.
 10276 | D:9      | Found a runed translucent gate.
 10277 | D:9      | Found an opulent altar of Gozag.
 10305 | D:9      | Noticed a centaur warrior
 10308 | D:9      | Noticed Decritt's ghost (novice MiMo)
 11248 | D:9      | Killed an unseen horror
 11258 | D:9      | Killed a centaur warrior
 11275 | D:9      | Killed Decritt's ghost
 11558 | Lair:1   | Entered Level 1 of the Lair of Beasts
 11561 | Lair:1   | Noticed a cane toad
 11569 | Lair:1   | Noticed Gastronok
 11570 | Lair:1   | Killed a cane toad
 11571 | Lair:1   | Reached XP level 11. HP: 32/87 MP: 21/21
 11843 | Lair:1   | HP: 4/87 [poisoned by a water moccasin]
 11845 | Lair:1   | Corrupted Lair:1
 11845 | Lair:1   | Noticed a tentacled starspawn
 11845 | Lair:1   | Noticed a purple very ugly thing
 11845 | Lair:1   | Noticed a glowing orange brain
 11847 | Lair:1   | Noticed a starcursed mass
 11847 | Lair:1   | Killed Gastronok
 11848 | Lair:1   | Reached skill level 9 in Fighting
 11848 | Lair:1   | Reached skill level 5 in Conjurations
 11848 | Lair:1   | Reached skill level 5 in Hexes
 11848 | Lair:1   | Reached skill level 5 in Summonings
 11848 | Lair:1   | Reached skill level 5 in Necromancy
 11848 | Lair:1   | Reached skill level 5 in Translocations
 11848 | Lair:1   | Reached skill level 5 in Transmutations
 11848 | Lair:1   | Reached skill level 5 in Fire Magic
 11848 | Lair:1   | Reached skill level 5 in Ice Magic
 11848 | Lair:1   | Reached skill level 5 in Air Magic
 11848 | Lair:1   | Reached skill level 5 in Earth Magic
 11848 | Lair:1   | Reached skill level 5 in Poison Magic
 11851 | Lair:1   | Noticed a starcursed mass
 11857 | Lair:1   | Noticed a tentacled starspawn
 11860 | Lair:1   | Noticed a great orb of eyes
 12565 | Lair:1   | Found a runed translucent door.
 12565 | Lair:1   | Found a shimmering altar of Xom.
 12565 | Lair:1   | Noticed fritzmikael's ghost (journeyman DjFE)
 12887 | Lair:1   | Noticed a +0 trident of chaos
 12928 | Lair:1   | Banished fritzmikael's ghost
 12929 | Lair:1   | HP: 4/89 [poisoned by a +0 trident of chaos]
 12930 | Lair:1   | Slain by a +0 trident of chaos

Illustrated notes

Levels and vault maps discovered:
D:1:      dpeg_arrival_connections, layout_basic,
          shapermc_ecumenical_altar_rom_forum
D:2:      layout_rooms, basic_altar, chequers_serial_rivers_small_3
D:3:      layout_basic, grunt_temple_overflow_octagram, amcnicky_altar_gilded,
          lightli_corner_chamber
D:4:      layout_basic, jmf_multi_god_temple, minmay_temple_entry_water_ring,
          minmay_strange_pillars, cheibrodos_gnoll_hut, uniq_duvessa
D:5:      layout_rooms, serial_shops, nicolae_shop_hallway_stairs
D:6:      layout_layer_cave, kennysheep_minor_cross
D:7:      layout_basic, kennysheep_mini, nicolae_shop_dragon_depot
D:8:      layout_basic, lair_entry_dummy
D:9:      layout_grid_maze, ebering_ghost_gozag, minmay_nine_imps
Lair:1:   layout_hall_layers, ebering_ghost_xom, grunt_megastairs_4,
          uniq_gastronok

Skill      XL: |  1  2  3  4  5  6  7  8  9 10 11 |
---------------+----------------------------------+-----
Short Blades   | 1 2 3 4 5 6 |  6.2
Long Blades    | 1 2 3 4 5 6 |  6.2
Maces & Flails | 1 2 3 4 5 6 |  6.2
Polearms       | 1 2 3 4 5 6 |  6.2
Staves         | 1 2 3 4 5 6 |  6.2
Slings         | 1 2 3 4 5 6 |  6.2
Bows           | 1 2 3 4 5 6 |  6.2
Crossbows      | 1 2 3 4 5 6 |  6.2
Throwing       | 1 2 3 4 5 6 |  6.2
Stealth        | 1 2 3 4 5 6 |  6.2
Shields        | 1 2 3 4 5 6 |  6.2
Unarmed Combat | 1 2 3 4 5 6 |  6.2
Spellcasting   | 1 2 3 4 5 6 |  6.2
Evocations     | 1 2 3 4 5 6 |  6.2
Conjurations   | 1 2 3 4 5 |  5.1
Hexes          | 1 2 3 4 5 |  5.1
Summonings     | 1 2 3 4 5 |  5.1
Necromancy     | 1 2 3 4 5 |  5.1
Translocations | 1 2 3 4 5 |  5.1
Transmutations | 1 2 3 4 5 |  5.1
Fire Magic     | 1 2 3 4 5 |  5.1
Ice Magic      | 1 2 3 4 5 |  5.1
Air Magic      | 1 2 3 4 5 |  5.1
Earth Magic    | 1 2 3 4 5 |  5.1
Poison Magic   | 1 2 3 4 5 |  5.1
Dodging        | 3 4 5 6 |  6.8
Invocations    | 5 6 7 8 |  8.3
Axes           | 5 6 7 |  7.8
Armour         | 5 6 7 |  7.8
Fighting       | 7 8 9 |  9.1

Action                   |  1- 3 |  4- 6 |  7- 9 | 10-12 || total
-------------------------+-------+-------+-------+-------++-------
Melee: Hand axe          |    43 |     9 |   234 |    16 ||   302
       Bite              |     6 |    32 |    55 |    33 ||   126
       Dagger            |    58 |   184 |   223 |       ||   465
       Trident           |       |       |    65 |   180 ||   245
Throw: Dart              |       |     1 |    14 |       ||    15
Invok: Depart the Abyss  |     1 |       |       |       ||     1
       Banish            |       |       |       |     6 ||     6
       Bend Space        |       |       |       |     1 ||     1
       Corrupt           |       |       |       |     1 ||     1
  Use: Scroll            |     3 |     1 |     9 |     4 ||    17
       Potion            |       |     1 |     7 |     7 ||    15
 Stab: Invisible         |       |       |       |     6 ||     6
Armor: Leather armour    |     4 |       |       |       ||     4
       Ring mail         |    55 |    78 |   207 |    60 ||   400
       Skin              |       |       |    35 |       ||    35
       Chain mail        |       |       |       |   155 ||   155
Dodge: Dodged            |    66 |   100 |   274 |   158 ||   598
Block: Buckler           |     4 |    38 |   204 |       ||   246
       Kite shield       |       |       |    69 |   282 ||   351

Table legend: (Time is in decaauts)
 A = Elapsed time spent in this place.
 B = Non-inter-level travel time spent in this place.
 C = Inter-level travel time spent in this place.
 D = Time resting spent in this place.
 E = Time spent auto-exploring this place.
 F = Levels seen in this place.
 G = Mean time per level.
                   A        B        C        D        E       F      G
               +--------+--------+--------+--------+--------+-----+--------+
         Total |  12979 |  12675 |    304 |   2785 |   7491 |  13 |  998.4 |
       Dungeon |  11998 |  11695 |    303 |   2475 |   7079 |   9 | 1333.1 |
          Lair |    903 |    903 |      0 |    310 |    367 |   1 |  903.0 |
         Abyss |     78 |     78 |      0 |      0 |     45 |   3 |   26.0 |
               +--------+--------+--------+--------+--------+-----+--------+

Top non-repeatable levels by time:
     D:9: 2125 daAuts
     D:7: 1648 daAuts
     D:3: 1621 daAuts
     D:4: 1590 daAuts
     D:8: 1327 daAuts
     D:6: 1176 daAuts
     D:5: 1083 daAuts
  Lair:1: 903 daAuts
     D:1: 824 daAuts
     D:2: 601 daAuts
 Abyss:1: 42 daAuts
 Abyss:3: 28 daAuts
 Abyss:2: 7 daAuts
